 Dungeon Crawl Stone Soup version 0.28.0-49-g6dfe1f597d (webtiles) character file.

Game seed: 1041478144123298149

51 Zeld the Gusty (level 3, -1/20 HPs)
             Began as a Tengu Air Elementalist on May 18, 2022.
             Succumbed to a kobold's poison
             ... on level 3 of the Dungeon.
             The game lasted 00:03:08 (2707 turns).

Zeld the Gusty (Tengu Air Elementalist)             Turns: 2707, Time: 00:03:08

Health: -1/20      AC:  3    Str:  8    XL:     3   Next: 81%
Magic:  3/7        EV: 12    Int: 17    God:
Gold:   121        SH:  0    Dex: 14    Spells: 0/6 levels left

rFire   . . .      SeeInvis .   (no weapon)
rCold   . . .      Faith    .   (no shield)
rNeg    . . .      Spirit   .   a - +0 robe
rPois   .          Reflect  .   (helmet restricted)
rElec   .          Harm     .   i - +0 cloak
rCorr   .          Rampage  .   (no gloves)
Will    .....                   (boots unavailable)
Stlth   ++........              (no amulet)
HPRegen 0.06/turn               (no ring)
MPRegen 0.10/turn               (no ring)

@: lethally poisoned (-1 -> -16)
A: beak, talons 3
a: no special abilities


You were on level 3 of the Dungeon.
You visited 1 branch of the dungeon, and saw 3 of its levels.

You collected 121 gold pieces.

Inventory:

Armour
 a - a +0 robe (worn)
 i - a +0 cloak (worn)
Scrolls
 b - 2 scrolls of identify {unknown}
 c - a scroll of noise {unknown}
 e - 2 scrolls of holy word {unknown}
 f - 2 scrolls of teleportation {unknown}
 g - a scroll of blinking {unknown}
Potions
 d - 2 potions of flight {unknown}
 h - a potion of resistance {unknown}


   Skills:
 * Level 1.5 Fighting
 + Level 2.6 Dodging
 - Level 2.0 Stealth
 * Level 2.4 Spellcasting
 - Level 2.0 Conjurations
 * Level 4.5 Air Magic


You couldn't memorise any spells.
You knew the following spells:

 Your Spells              Type           Power      Damage    Failure   Level
a - Shock                 Conj/Air       52%        1d6       4%          1
b - Static Discharge      Conj/Air       13%        N/A       8%          2
c - Swiftness             Air            17%        N/A       9%          3

Your spell library contained the following spells:

 Spells                   Type           Power      Damage    Failure   Level
 Airstrike                Air            8%         N/A       28%         4


Dungeon Overview and Level Annotations

Branches:
Dungeon (3/15)

Altars:


Innate Abilities, Weirdness & Mutations

You have a beak for a mouth.
You have claws for feet.


Message History

Aiming: Shock (safe; 4% risk of failure)
Press: ? - help, Shift-Dir - straight line, f - kobold
Aim: a kobold, wielding a +0 whip and quivering poisoned darts (60% to hit)
The zap hits the kobold.
The kobold is severely wounded.
You feel sick.
Unknown command.
Casting: Shock (safe; 4% risk of failure)
Confirm with . or Enter, or press ? or * to list all spells.
Aiming: Shock (safe; 4% risk of failure)
Press: ? - help, Shift-Dir - straight line, f/p - kobold
Aim: a kobold, wielding a +0 whip and quivering poisoned darts (severely wounded, 60% to hit)
The zap hits the kobold but does no damage.
The kobold is severely wounded.
You feel sick.
Casting: Shock (safe; 4% risk of failure)
Confirm with . or Enter, or press ? or * to list all spells.
Aiming: Shock (safe; 4% risk of failure)
Press: ? - help, Shift-Dir - straight line, f/p - kobold
Aim: a kobold, wielding a +0 whip and quivering poisoned darts (severely wounded, 60% to hit)
The zap misses the kobold.
You feel sick.
Unknown command.
You feel sick.
The kobold throws a poisoned dart.
The poisoned dart hits you!
You are lethally poisoned!
You feel very sick.
You feel sick.
The kobold throws a poisoned dart.
The poisoned dart hits you!
You are more poisoned.
Casting: Shock (safe; 4% risk of failure)
Confirm with . or Enter, or press ? or * to list all spells.
Aiming: Shock (safe; 4% risk of failure)
Press: ? - help, Shift-Dir - straight line, f/p - kobold
Aim: a kobold, wielding a +0 whip and quivering poisoned darts (severely wounded, 60% to hit)
The zap hits the worm.
The worm is lightly wounded.
The zap hits the kobold.
You kill the kobold!
* * * LOW HITPOINT WARNING * * *
You feel very sick.
Unknown command.
You die...

######### ###########
#.......# #.........#
#.......#####.........######
#...........................
#...>..)w..@................
#.......#####.........###...
#.......# ########### #...
##......# #... #....... ####
#####+#. ... .. #.. ## #..
#..


You could see a worm.

Vanquished Creatures
  An adder (D:2)
  A dart slug (D:2)
  4 endoplasms
  2 giant cockroaches (D:2)
  4 goblins (D:1)
  4 hobgoblins
  3 jackals (D:2)
  3 quokkas
  2 bats
  2 frilled lizards
  3 kobolds
  6 rats
35 creatures vanquished.

Vanquished Creatures (others)
  2 plants (D:1)
2 creatures vanquished.

Grand Total: 37 creatures vanquished

Notes
Turn   | Place    | Note
-------+----------+-------------------------------------------
     0 | D:1      | Zeld the Tengu Air Elementalist began the quest for the
                  | Orb.
     0 | D:1      | Reached XP level 1. HP: 10/10 MP: 4/4
   337 | D:1      | Reached XP level 2. HP: 16/16 MP: 3/6
   979 | D:1      | Found a faded altar of an unknown god.
  1210 | D:2      | Reached skill level 1 in Fighting
  1224 | D:2      | Reached XP level 3. HP: 13/20 MP: 0/7
  1227 | D:2      | Learned a level 2 spell: Static Discharge
  1233 | D:2      | Learned a level 3 spell: Swiftness
  1390 | D:2      | HP: 1/20 [poisoned by an adder]
  2707 | D:3      | Succumbed to a kobold's poison

Illustrated notes

Levels and vault maps discovered:
D:1:      eino_arrival_water_cross, layout_basic,
          hellmonk_ecumenical_altar_pennies_from_heaven
D:2:      layout_basic
D:3:      layout_basic, cheibriados_altar_1, serial_shops,
          nicolae_shop_statue_plus

Skill      XL: |  1  2  3 |
---------------+----------+-----
Fighting       | 1 |  1.5
Conjurations   | 2 |  2.0
Dodging        | |  2.6
Stealth        | |  2.0
Spellcasting   | |  2.4
Air Magic      | |  4.5

Action                   || total
-------------------------++-------
Melee: Unarmed           ||    31
       Kick              ||     7
       Peck              ||     5
 Cast: Shock             ||    41
       Static Discharge  ||    12
 Stab: Sleeping          ||     4
Armor: Robe              ||     3
Dodge: Dodged            ||    19
